Map: New Repugnancy LE

Players

Silky

  • Race: Zerg Zerg
  • Spawn Location: 1:00

LiquidTLO (TLO) - Winner!

  • Race: Zerg Zerg
  • League: Master
  • Spawn Location: 7:00

Event: 2019 WCS Winter Americas

VOD

Have the link to the VOD?

Description

Time

  • Played on: Feb. 9, 2019, 1:18 p.m.
  • Length: 9:57

All games in this series

Show
View Real Time Build Order
Export as new Build Order

Silky Zerg 

Build Orders: Pool First 

Get SALT Encoding   

  12  0:18  Spawning Pool  
  11  0:22  Drone  
  11  0:27  Drone  
  13  0:31  Drone  
  14  0:40  Overlord  
  14  1:04  Zergling x4  
  14  1:05  Zergling x2  
  17  1:16  Zergling x2  
  18  1:20  Hatchery  
  17  1:27  Zergling x2  
  18  1:34  Queen  
  18  1:38  Drone  
  21  1:48  Overlord  
  21  1:59  Drone  
  22  2:09  Queen  
  22  2:10  Drone  
  25  2:22  Drone  
  26  2:31  Queen  
  26  2:34  Drone x2  
  30  2:48  Drone x2  
  30  2:49  Drone x2  
  34  2:51  Drone  
  34  2:54  Overlord  
  35  3:01  Drone  
  36  3:13  Drone x2  
  36  3:14  Extractor  
  36  3:15  Extractor  
  36  3:18  Drone x3  
  36  3:19  Drone  
  40  3:27  Drone x2  
  42  3:37  Evolution Chamber, Drone x3  
  42  3:38  Overlord, Roach Warren  
  42  3:42  Drone  
  43  3:48  Overlord  
  43  3:58  Drone x4  
  46  4:03  Drone  
  46  4:04  Lair  
  46  4:08  Drone x2  
  46  4:09  Drone  
  49  4:12  Extractor  
  48  4:19  Zerg Missile Weapons Level 1  
  48  4:23  Overlord  
  48  4:35  Overlord  
  48  4:39  Drone  
  48  4:40  Drone  
  49  4:50  Roach x2  
  49  4:51  Roach x4  
  60  4:54  Hatchery  
  60  4:55  Roach  
  60  4:56  Roach  
  64  5:01  Spine Crawler  
  64  5:02  Roach  
  64  5:03  Roach  
  66  5:08  Roach x3  
  68  5:23  Roach x3  
  69  5:31  Drone x2  
  71  5:45  Drone x3  
  74  5:50  Hatchery, Overseer  
  74  5:54  Drone  
  74  5:58  Queen  
  74  5:59  Overlord  
  74  6:01  Overlord  
  76  6:13  Overlord  
  76  6:14  Zerg Missile Weapons Level 2  
  76  6:18  Roach x3  
  82  6:25  Roach x2  
  86  6:26  Roach  
  86  6:31  Overlord  
  88  6:34  Roach x2  
  88  6:37  Roach  
  94  6:40  Roach  
  94  6:43  Roach  
  98  6:47  Glial Reconstitution  
  98  6:49  Roach  
  98  6:53  Roach  
  102  6:54  Queen  
  102  6:59  Roach  
  106  7:04  Roach x2  
  106  7:05  Overlord  
  112  7:08  Roach  
  112  7:12  Roach  
  112  7:13  Overlord  
  114  7:18  Overlord  
  114  7:25  Roach x2  
  114  7:26  Roach  
  114  7:28  Roach  
  122  7:32  Roach x2  
  122  7:35  Overlord  
  126  7:38  Roach x2  
  126  7:42  Roach  
  132  7:44  Overlord  
  132  7:49  Roach x2  
  136  7:58  Drone  
  136  7:59  Drone x5  
  142  8:06  Roach  
  142  8:07  Roach x2  
  142  8:11  Drone x3  
  151  8:16  Drone x3  
  154  8:23  Overlord  
  154  8:24  Overlord  
  152  8:36  Ravager  
  152  8:38  Ravager  
  152  8:39  Overlord  
  154  8:43  Extractor x2, Drone  
  154  8:44  Drone x5  
  154  8:45  Roach x2  
  154  8:55  Roach x5  
  140  8:58  Roach  
  140  8:59  Roach x2  
  140  9:02  Roach  
  142  9:06  Roach  
  142  9:09  Roach  
  146  9:12  Roach x2  
  150  9:18  Roach x3  
  148  9:31  Roach x3  
  140  9:37  Roach x3  
Show
View Real Time Build Order
Export as new Build Order

LiquidTLO Zerg - Winner!

Build Orders: Pool First, Roach Nydus 

Get SALT Encoding   

  12  0:17  Spawning Pool  
  11  0:22  Drone  
  11  0:26  Drone  
  13  0:31  Drone  
  14  0:40  Overlord  
  14  1:03  Queen  
  16  1:04  Zergling x4  
  16  1:05  Zergling x2  
  19  1:15  Zergling x2  
  20  1:26  Zergling x2  
  21  1:36  Hatchery  
  20  1:44  Overlord  
  20  1:52  Queen  
  22  2:02  Extractor  
  22  2:03  Drone x2  
  23  2:13  Drone x2  
  25  2:18  Drone  
  26  2:23  Overlord  
  26  2:27  Drone  
  27  2:35  Drone  
  28  2:46  Drone  
  29  2:54  Drone  
  29  2:57  Drone  
  31  2:59  Drone  
  31  3:00  Drone x2  
  31  3:01  Drone  
  35  3:06  Drone  
  36  3:14  Lair  
  36  3:18  Drone x2  
  38  3:23  Drone  
  38  3:24  Extractor  
  38  3:30  Drone  
  38  3:31  Evolution Chamber  
  38  3:33  Drone  
  39  3:37  Drone  
  39  3:38  Overlord  
  40  3:41  Drone  
  40  3:46  Roach Warren  
  40  3:54  Overlord  
  40  4:02  Overlord  
  39  4:14  Nydus Network  
  39  4:16  Drone x2  
  41  4:17  Drone  
  41  4:18  Overlord  
  41  4:26  Roach  
  41  4:27  Roach x3  
  41  4:30  Roach  
  51  4:33  Roach  
  51  4:36  Roach  
  54  4:40  Roach  
  54  4:42  Roach  
  58  4:46  Roach  
  58  4:51  Nydus Canal  
  59  4:54  Drone  
  59  4:56  Roach  
  59  4:57  Drone x2  
  59  4:58  Drone  
  65  5:01  Roach  
  65  5:07  Roach  
  69  5:10  Roach  
  69  5:17  Roach  
  69  5:20  Roach  
  67  5:22  Drone  
  67  5:23  Drone  
  67  5:25  Roach, Extractor  
  67  5:26  Extractor  
  59  5:29  Roach  
  59  5:33  Drone  
  58  5:37  Drone x2  
  60  5:46  Glial Reconstitution  
  60  5:47  Drone  
  61  5:50  Drone  
  62  5:58  Zerg Missile Weapons Level 1  
  62  6:00  Roach  
  62  6:01  Hatchery, Drone x2  
  62  6:03  Drone  
  66  6:05  Roach  
  66  6:10  Roach  
  66  6:11  Drone  
  71  6:13  Roach  
  71  6:17  Overlord  
  73  6:19  Overlord  
  73  6:23  Roach  
  75  6:27  Overlord  
  75  6:30  Overlord  
  75  6:35  Pneumatized Carapace  
  75  6:38  Roach x2  
  79  6:40  Roach  
  79  6:43  Drone  
  79  6:44  Roach  
  84  6:47  Roach  
  84  6:49  Roach  
  84  6:53  Roach  
  90  6:55  Roach  
  90  6:56  Drone  
  90  6:58  Drone  
  90  7:00  Roach  
  96  7:02  Roach  
  98  7:14  Drone x4  
  102  7:18  Queen  
  102  7:19  Roach  
  106  7:24  Drone  
  106  7:25  Ravager x4  
  106  7:26  Overlord  
  106  7:28  Roach  
  113  7:32  Overlord  
  113  7:35  Overlord  
  113  7:38  Overlord  
  113  7:42  Overlord  
  113  7:43  Overlord  
  113  7:46  Roach  
  113  7:49  Roach, Overseer  
  117  7:51  Roach  
  117  7:58  Roach  
  121  7:59  Roach  
  121  8:03  Roach  
  121  8:04  Roach  
  129  8:05  Roach  
  129  8:08  Roach  
  129  8:09  Ravager  
  129  8:10  Roach  
  134  8:15  Roach  
  134  8:16  Roach x2  
  134  8:18  Roach x3  
  134  8:19  Ravager  
  147  8:21  Roach  
  147  8:25  Roach x2  
  147  8:26  Roach  
  155  8:29  Roach  
  155  8:31  Roach  
  155  8:33  Roach  
  161  8:36  Overlord  
  161  8:38  Overlord  
  157  8:49  Roach  
  157  8:52  Roach  
  157  8:53  Roach x2  
  147  8:58  Nydus Canal  
  147  8:59  Roach  
  147  9:01  Roach  
  151  9:04  Roach  
  151  9:06  Roach  
  151  9:07  Extractor, Drone x2  
  151  9:08  Drone x2  
  158  9:11  Roach, Extractor  
  159  9:19  Roach x2  
  161  9:25  Roach  
  161  9:26  Nydus Canal  
  149  9:31  Roach  
  149  9:34  Roach x2  
  149  9:36  Roach  
  149  9:38  Roach x2  
Tags
 
Add a new tag
Caveats
  • Supply blocks, unpowered buildings, or Contaminate may cause inaccurate times.
  • Supply counts are checked every 10 seconds.